 Dungeon Crawl Stone Soup version 0.30.0-5-g1a98f26d00 (webtiles) character file.

Game seed: 1877658786589372576

140 Esekla the Conjurer (level 5, -1/38 HPs)
             Began as a Barachi Wanderer on May 8, 2023.
             Was a Priest of Jiyva.
             Slain by a kobold brigand
             ... wielding a +0 whip
              (10 damage)
             ... on level 4 of the Dungeon.
             The game lasted 00:17:57 (2681 turns).

Esekla the Conjurer (Barachi Wanderer)              Turns: 2681, Time: 00:17:58

Health: -1/38      AC:  2    Str: 10    XL:     5   Next: 23%
Magic:  2/8        EV: 10    Int: 15    God:    Jiyva [***...]
Gold:   73         SH:  4    Dex: 16    Spells: 4/8 levels left

rFire   . . .        a - +0 dagger
rCold   . . .        d - +0 buckler
rNeg    . . .        c - +0 robe
rPois   .            (no helmet)
rElec   .            (no cloak)
rCorr   +            (no gloves)
SInv    .            (no boots)
Will    +++..        (no amulet)
Stlth   ++           (no ring)
HPRegen 1.38/turn    (no ring)
MPRegen 0.46/turn

%: no passive effects
@: lethally poisoned (-1 -> -1), very slightly contaminated, slow
A: amphibious, slowness 1, strong legs 1, +LOS, agile 1, strong-willed 3
a: Hop, Renounce Religion, Oozemancy


You were on level 4 of the Dungeon.
You worshipped Jiyva.
Jiyva was most pleased with you.
You visited 1 branch of the dungeon, and saw 4 of its levels.

You collected 73 gold pieces.

Inventory:

Hand Weapons
 a - a +0 dagger (weapon)
 m - the +2 hand axe of Watchfulness {flame, Dex+3}
   (You found it on level 4 of the Dungeon)

   Dex:       It affects your dexterity (+3).
 r - a +0 spear
Missiles
 k - 2 boomerangs (quivered)
Armour
 c - a +0 robe (worn)
 d - a +0 buckler (worn)
 n - a +0 pair of gloves
Scrolls
 g - a scroll of identify {unknown}
 h - a scroll of noise {unknown}
 i - a scroll of fear {unknown}
 j - a scroll of acquirement {unknown}
 l - a scroll of teleportation {unknown}
Potions
 b - a potion of attraction
 e - 2 potions of haste
 f - 2 potions of curing {unknown}


   Skills:
 * Level 2.0 Fighting
 + Level 0.3 Short Blades
 + Level 0.1 Throwing
 + Level 0.2 Dodging
 + Level 0.4 Stealth
 * Level 2.1 Shields
 * Level 2.0 Spellcasting
 + Level 4.3 Conjurations
 * Level 1.4 Air Magic
 + Level 2.1 Poison Magic
 + Level 1.3 Invocations
 + Level 2.2 Evocations


You had 4 spell levels left.
You knew the following spells:

 Your Spells              Type           Power      Damage    Failure   Level
a - Magic Dart            Conj           56%        1d5       5%          1
c - Mephitic Cloud        Conj/Pois/Air  9%         N/A       32%         3

Your spell library contained the following spells:

 Spells                   Type           Power      Damage    Failure   Level
 Sting                    Tmut/Pois      16%        1d3       21%         1
 Cigotuvi's Dreadful Rot  Necr/Pois/Air  10%        N/A       30%         2
 Ignite Poison            Fire/Tmut/Pois 3%         N/A       58%         3
 Summon Guardian Golem    Hex/Summ       1%         N/A       67%         3
 Olgreb's Toxic Radiance  Pois           8%         N/A       78%         4
 Freezing Cloud           Conj/Ice/Air   3%         6-21      99%         5
 Orb of Destruction       Conj           7%         9d6       100%        7
 Spellforged Servitor     Conj/Summ      4%         N/A       100%        7


Dungeon Overview and Level Annotations

Branches:
Dungeon (4/15)
 Temple: D:4-7

Altars:
Okawaru
Xom
Jiyva

Annotations:
D:3 3 runed translucent doors, ProzacElf's ghost, amateur HORe; qeuew's ghost, amateur MiFi


Innate Abilities, Weirdness & Mutations

You are amphibious.
You cover ground slowly.
You can hop short distances.
You have an extended range of vision and can be seen from far away.
You are agile. (Dex +4, Str/Int -1)
You are extremely strong-willed. (Will+++)


Message History

You miscast Mephitic Cloud.
You are very lightly contaminated with residual magic.
A wave of violent energy washes through your body!
You feel very sick.
Casting: Mephitic Cloud (quite dangerous; 32% risk of failure)
Confirm with . or Enter, or press ? or * to list all spells.
The spell is quite dangerous to miscast (32% risk of failure)!
Continue anyway?
Aiming: Mephitic Cloud (quite dangerous; 32% risk of failure)
Press: ? - help, Shift-Dir - straight line, f/p - kobold brigand
Aim: a kobold brigand, wielding a +0 whip and quivering poisoned darts (chance to affect: 77%)
You miscast Mephitic Cloud.
Nothing appears to happen.
You feel very sick.
The kobold brigand throws a poisoned dart.
The poisoned dart barely misses you.
Casting: Mephitic Cloud (quite dangerous; 32% risk of failure)
Confirm with . or Enter, or press ? or * to list all spells.
The spell is quite dangerous to miscast (32% risk of failure)!
Continue anyway?
Aiming: Mephitic Cloud (quite dangerous; 32% risk of failure)
Press: ? - help, Shift-Dir - straight line, f/p - kobold brigand
Aim: a kobold brigand, wielding a +0 whip and quivering poisoned darts (chance to affect: 77%)
The ball explodes into a vile cloud!
The stinking cloud engulfs the kobold brigand but does no damage.
You feel very sick.
You hear a shout!
You hear an angry hiss.
The kobold brigand is engulfed in noxious fumes.
The kobold brigand appears confused.
You feel sick.
The kobold brigand is engulfed in noxious fumes.
The kobold brigand appears confused.
Throw: 2 boomerangs
Press: ? - help, Q - select action, (/) - cycle Shift-Dir - straight line, f/p - kobold brigand
Aim: a kobold brigand, wielding a +0 whip and quivering poisoned darts (confused, 75% to hit)
You throw a boomerang. The boomerang hits the kobold brigand.
The kobold brigand is moderately wounded.
You feel very sick.
You hit the kobold brigand but do no damage.
The kobold brigand is moderately wounded.
You feel sick.
The kobold brigand hits you with a +0 whip!
You die...

.....#......#.....#..
......#......#########
..######...............
#....................
#....................
#.........)..........
#....................
#....................
#...@K############...
#.°...# #### #.....+
#.°.>.# #.....# #.....#
#.....# #.....# #.....#


You could see a kobold brigand (confused).

Vanquished Creatures
  A scorpion (D:4)
  2 gnolls
  3 adders
  5 ball pythons
  4 giant cockroaches
  3 goblins
  2 hobgoblins (D:2)
  3 kobolds
  2 bats (D:1)
  5 frilled lizards
  6 rats
36 creatures vanquished.

Vanquished Creatures (others)
  An orc priest (D:3)
  Terence (D:3)
  2 gnolls (D:3)
  2 worms
  A dart slug (D:3)
  3 orcs (D:3)
  2 bats
  3 endoplasms
  3 giant cockroaches
  3 hobgoblins
  A kobold (D:2)
  A quokka (D:2)
  A ball python (D:3)
  3 frilled lizards (D:3)
  A rat (D:3)
28 creatures vanquished.

Grand Total: 64 creatures vanquished

Notes
Turn   | Place    | Note
-------+----------+-------------------------------------------
     0 | D:1      | Esekla the Barachi Wanderer began the quest for the Orb.
     0 | D:1      | Esekla set off with the following items: a +0 dagger, a
                  | potion of attraction, a +0 robe, a +0 buckler; and the
                  | following spells available to memorise: Magic Dart, Sting,
                  | Mephitic Cloud, Olgreb's Toxic Radiance.
     0 | D:1      | Reached XP level 1. HP: 13/13 MP: 2/2
    19 | D:1      | Learned a level 1 spell: Magic Dart
   515 | D:1      | Reached XP level 2. HP: 17/19 MP: 0/3
   883 | D:1      | Found a faded altar of an unknown god.
   890 | D:1      | Prayed at the altar of an unknown god.
   890 | D:1      | Became a worshipper of Jiyva Jauxih the Shapeless
   890 | D:1      | Reached * piety under Jiyva
   961 | D:2      | Reached skill level 1 in Fighting
   982 | D:2      | Reached skill level 4 in Conjurations
   982 | D:2      | Reached XP level 3. HP: 27/27 MP: 0/4
   986 | D:2      | Learned a level 3 spell: Mephitic Cloud
  1083 | D:2      | Found a shimmering altar of Xom.
  1241 | D:2      | Reached ** piety under Jiyva
  1853 | D:3      | Found a runed translucent gate.
  1853 | D:3      | Found a runed translucent gate.
  1854 | D:3      | Found a runed translucent gate.
  1854 | D:3      | Noticed Terence
  1863 | D:3      | Killed Terence
  1864 | D:3      | Reached XP level 4. HP: 22/33 MP: 6/6
  1878 | D:3      | Noticed ProzacElf's ghost (amateur HORe)
  1878 | D:3      | Noticed qeuew's ghost (amateur MiFi)
  1998 | D:3      | Reached skill level 1 in Air Magic
  2017 | D:3      | Found a shimmering altar of Xom.
  2243 | D:3      | Found an iron altar of Okawaru.
  2497 | D:4      | Reached *** piety under Jiyva
  2498 | D:4      | Noticed a scorpion
  2511 | D:4      | Killed a scorpion
  2512 | D:4      | Reached XP level 5. HP: 38/38 MP: 5/8
  2581 | D:4      | Identified the +2 hand axe of Watchfulness {flame, Dex+3}
  2649 | D:4      | Gained mutation: You are strong-willed. (Will+) [Jiyva's
                  | grace]
  2649 | D:4      | Gained mutation: You are highly strong-willed. (Will++)
                  | [Jiyva's grace]
  2649 | D:4      | Gained mutation: You are extremely strong-willed. (Will+++)
                  | [Jiyva's grace]
  2649 | D:4      | Gained mutation: You are agile. (Dex +4, Str/Int -1)
                  | [Jiyva's grace]
  2672 | D:4      | Noticed a kobold brigand
  2681 | D:4      | Slain by a kobold brigand

Illustrated notes

Levels and vault maps discovered:
D:1:      scummos_arrival_hexagon, layout_basic,
          dilly_ecumenical_altar_fadedgnrine
D:2:      layout_basic, basic_altar, minmay_quantized
D:3:      layout_loops_ring, mainiacjoe_overflow_boulevard,
          amcnicky_altar_gilded, gammafunk_ghost_cemetery,
          kennysheep_minor_cross, uniq_terence
D:4:      layout_gridville, kiku_gazebo_pond_becter,
          mainiacjoe_overflow_24_doors, cheibrodos_sewer_entry_bend

Skill      XL: |  1  2  3  4  5 |
---------------+----------------+-----
Fighting       | 1 2 |  2.0
Conjurations   | 4 |  4.3
Air Magic      | 1 |  1.4
Spellcasting   | 2 |  2.0
Shields        | 2 |  2.1
Short Blades   | |  0.3
Throwing       | |  0.1
Dodging        | |  0.2
Stealth        | |  0.4
Poison Magic   | |  2.1
Invocations    | |  1.3
Evocations     | |  2.2

Action                     |  1- 3 |  4- 6 || total
---------------------------+-------+-------++-------
  Melee: Dagger            |    54 |    31 ||    85
  Throw: Boomerang         |       |     6 ||     6
   Cast: Magic Dart        |    41 |     5 ||    46
         Mephitic Cloud    |     1 |     4 ||     5
Ability: Hop               |     1 |       ||     1
    Use: Potion            |       |     1 ||     1
   Stab: Sleeping          |     2 |       ||     2
         Confused          |       |     2 ||     2
 Armour: Robe              |    12 |     3 ||    15
  Dodge: Dodged            |    34 |    17 ||    51
  Block: Buckler           |     5 |     7 ||    12
